 Dungeon Crawl Stone Soup version 0.26-a0-540-g8a0c9464d7 (webtiles) character file.

Game seed: 4309673502356673034

14 night the Sneak (level 2, -2/18 HPs)
             Began as a Kobold Brigand on Aug 20, 2020.
             Slain by a leopard gecko (5 damage)
             ... on level 1 of the Dungeon.
             The game lasted 00:01:50 (836 turns).

night the Sneak (Kobold Brigand)                     Turns: 836, Time: 00:01:51

Health: -2/18      AC:  3    Str:  8    XL:     2   Next: 60%
Magic:  2/2        EV: 14    Int: 12    God:
Gold:   63         SH:  0    Dex: 16    Spells: 1/1 levels left

rFire    . . .     SeeInvis .   m - -2 dagger (curse)
rCold    . . .     Faith    .   (shield restricted)
rNeg     . . .     Spirit   .   b - +0 robe
rPois    .         Reflect  .   (no helmet)
rElec    .         Harm     .   c - +0 cloak
rCorr    .                      (no gloves)
MR       .....                  (no boots)
Stlth    ++++......             i - amulet of magic regeneration
HPRegen  0.06/turn              (no ring)
MPRegen  0.33/turn              (no ring)

@: no status effects
A: small, nightstalker 3
a: no special abilities


You were on level 1 of the Dungeon.
You visited 1 branch of the dungeon, and saw 1 of its levels.

You collected 63 gold pieces.

Inventory:

Hand Weapons
 a - a +2 dagger
 m - a cursed -2 dagger (weapon)
Missiles
 d - 5 poisoned darts (quivered)
 e - 2 curare-tipped darts
Armour
 b - a +0 robe (worn)
 c - a +0 cloak (worn)
 k - a +0 buckler
Jewellery
 i - an amulet of magic regeneration (around neck)
Scrolls
 h - 2 scrolls of fear
Potions
 g - 2 potions of lignification
 j - a potion of invisibility {unknown}


   Skills:
 + Level 2.3 Fighting
 + Level 3.0 Short Blades
 + Level 2.4 Throwing
 + Level 1.4 Dodging
 * Level 5.7 Stealth


You had one spell level left.
You didn't know any spells.
Your spell library was empty.

Dungeon Overview and Level Annotations

Branches:
Dungeon (1/15)

Altars:


Innate Abilities, Weirdness & Mutations

You are small and have problems with some larger weapons.
You are completely attuned to the shadows.


Message History

The poisoned dart hits the leopard gecko.
The leopard gecko looks even sicker.
The leopard gecko is severely wounded.
The leopard gecko bites the plant but does no damage.
The leopard gecko barely misses you.
The rat bites the plant but does no damage.
You hit the leopard gecko but do no damage.
You kill the leopard gecko!
The leopard gecko closely misses you.
You barely miss the leopard gecko. The leopard gecko bites you.
You hit the leopard gecko.
The leopard gecko is moderately wounded.
The rat bites the plant but does no damage.
The leopard gecko bites you.
* * * LOW HITPOINT WARNING * * *
You hit the leopard gecko but do no damage.
The leopard gecko is moderately wounded.
The rat bites the plant but does no damage.
The leopard gecko bites you.
You die...

.....# #....#.......#.###.......
.....# #....######......#.......
....## #.....#####.##...........
...## ########..#.##(..........
####P♣♣♣#P♣PPP♣#...........##....
♣PP#PP...PP♣#......#######....
P#.PP.....PP#(.....# ###...###
P..#.÷.....P###(#..###...###
...#...§...rl@#.##........## #
P..#.......P#)((#####.###..# #
#PP(#÷....PP#.)#.........#.###
♣PPPPP..≈PP♣##................
♣♣###♣P♣♣♣♣♣#..#....#######.##
####### #....##.....#...##
#.....# ##...#####........
#...[.# #.........####..# #.....#
#.#.........)....


You could see a leopard gecko and a rat.

Vanquished Creatures
  A leopard gecko (D:1)
  A giant cockroach (D:1)
  3 frilled lizards (D:1)
  3 goblins (D:1)
  6 kobolds (D:1)
14 creatures vanquished.

Vanquished Creatures (others)
  2 plants (D:1)
2 creatures vanquished.

Grand Total: 16 creatures vanquished

Notes
Turn   | Place    | Note
-------+----------+-------------------------------------------
     0 | D:1      | night the Kobold Brigand began the quest for the Orb.
     0 | D:1      | Reached XP level 1. HP: 12/12 MP: 1/1
   349 | D:1      | Reached XP level 2. HP: 12/17 MP: 2/2
   836 | D:1      | Slain by a leopard gecko

Illustrated notes

Levels and vault maps discovered:
D:1:      dpeg_arrival_arbitrary_b, layout_rooms, chequers_avenue,
          lexackson_kobold_supper

Skill      XL: |  1  2 |
---------------+-------+-----
Short Blades   | 3 |  3.0
Fighting       | |  2.3
Throwing       | |  2.4
Dodging        | |  1.4
Stealth        | |  5.7

Action                   || total
-------------------------++-------
Melee: Dagger            ||    81
Throw: Dart              ||     7
  Use: Scroll            ||     3
 Stab: Sleeping          ||     5
Armor: Robe              ||     6
Dodge: Dodged            ||    29

Table legend: (Time is in decaauts)
 A = Elapsed time spent in this place.
 B = Non-inter-level travel time spent in this place.
 C = Inter-level travel time spent in this place.
 D = Time resting spent in this place.
 E = Time spent auto-exploring this place.
 F = Levels seen in this place.
 G = Mean time per level.
                   A        B        C        D        E       F      G
               +--------+--------+--------+--------+--------+-----+--------+
         Total |    823 |    823 |      0 |     77 |    561 |   1 |  823.0 |
       Dungeon |    823 |    823 |      0 |     77 |    561 |   1 |  823.0 |
               +--------+--------+--------+--------+--------+-----+--------+

Top non-repeatable levels by time:
     D:1: 823 daAuts
